 Dungeon Crawl Stone Soup version 0.25.0-26-g0c896c7088 (webtiles) character file.

Game seed: 5971806324623643608

448 lepoulpe303 the Sneak (level 6, -2/30 HPs)
             Began as a Spriggan Enchanter on July 2, 2020.
             Slain by a phantom (6 damage)
             ... on level 4 of the Dungeon.
             The game lasted 00:20:55 (5580 turns).

lepoulpe303 the Sneak (Spriggan Enchanter)          Turns: 5580, Time: 00:20:55

Health: -2/30      AC:  7    Str:  4    XL:     6   Next: 73%
Magic:  14/14      EV: 20    Int: 19    God:
Gold:   173        SH:  0    Dex: 16    Spells: 5/14 levels left

rFire    + . .     SeeInvis +   b - +0 rapier
rCold    + . .     Gourm    .   (shield restricted)
rNeg     . . .     Faith    .   o - +0 robe {rC+ rF+} {rC+, rF+}
rPois    .         Spirit   .   (helmet restricted)
rElec    .         Reflect  .   p - +0 cloak
rCorr    .         Harm     .   (gloves unavailable)
MR       +....                  (boots unavailable)
Stlth    +++.......             (no amulet)
HPRegen  0.10/turn              k - +4 ring of protection
MPRegen  0.14/turn              (no ring)

@: very quick
A: very small, unfitting armour, see invisible, herbivore, speed 3, slow
metabolism 2
a: no special abilities


You were on level 4 of the Dungeon.
You were not hungry.

You visited 1 branch of the dungeon, and saw 4 of its levels.

You collected 173 gold pieces.

Inventory:

Hand Weapons
 a - a +1 dagger
 b - a +0 rapier (weapon)
Armour
 m - a +0 robe
 o - a +0 robe of resistance (worn) {rC+, rF+}
 p - a +0 cloak (worn)
Jewellery
 k - a +4 ring of protection (left hand)
 l - an uncursed amulet of guardian spirit {Spirit}
 G - an uncursed amulet of guardian spirit {Spirit}
Wands
 u - a wand of random effects (5)
Scrolls
 g - a scroll of magic mapping {unknown}
 h - a scroll of enchant weapon {unknown}
 i - a scroll of identify
 t - a scroll of teleportation
 v - a scroll of blinking {unknown}
 w - a scroll of remove curse
Potions
 c - a potion of haste
 d - 2 potions of brilliance {unknown}
 f - a potion of curing
 j - 5 potions of heal wounds {unknown}
 n - a potion of stabbing {unknown}
 q - 3 potions of cancellation {unknown}
 r - a potion of magic {unknown}
 s - a potion of resistance {unknown}
Comestibles
 e - 5 rations


   Skills:
 + Level 1.6 Fighting
 * Level 3.6 Short Blades
 + Level 4.4 Dodging
 + Level 5.6 Stealth
 * Level 4.7 Spellcasting
 * Level 5.3 Hexes


You had 5 spell levels left.
You knew the following spells:

 Your Spells              Type           Power        Failure   Level  Hunger
a - Ensorcelled Hibernat  Hex/Ice        ##....       6%          2    #......
b - Tukima's Dance        Hex            ###.....     4%          3    ##.....
c - Confusing Touch       Hex            ###.....     4%          3    ##.....
v - Corona                Hex            ###....      1%          1    None

Your spell library contained the following spells:

 Spells                   Type           Power        Failure   Level  Hunger
 Dazzling Flash           Conj/Hex       ##....       13%         3    ##.....


Dungeon Overview and Level Annotations

Branches:
Dungeon (4/15)
 Temple: D:4-7

Altars:
Okawaru
Vehumet


Innate Abilities, Weirdness & Mutations

You are very small and have problems with some larger weapons.
You are too small for most types of armour.
You have supernaturally acute eyesight. (SInv)
You are a herbivore.
You cover ground extremely quickly.
You need to consume almost no food.


Message History

You hit the phantom. The phantom hits you.
* * * LOW HITPOINT WARNING * * *
You take 6 damage, and have 18/30 hp.
You barely miss the phantom. The phantom completely misses you.
You barely miss the phantom.
The phantom hits you but does no damage.
You barely miss the phantom. The phantom closely misses you.
You hit the phantom. The phantom hits you!
* * * LOW HITPOINT WARNING * * *
You take 7 damage, and have 12/30 hp.
MASSIVE DAMAGE!!
You barely miss the phantom. The phantom hits you!
* * * LOW HITPOINT WARNING * * *
You take 8 damage, and have 4/30 hp.
MASSIVE DAMAGE!!
Aim: a phantom (severely damaged)
The bolt of poison hits the phantom.
The phantom completely resists.
You hit the phantom. The phantom barely misses you.
You hit the phantom but do no damage. The phantom hits you.
You die...

#........##.......##..........##
#.......# #..###..##............
#.......###............#........
#.............##......##...#[...
#.######.............#....##...o
#.##......##....................
#.#..###..###........)..##......
#....#.#...##...........# .#....
#..###.###.....@W......)# .#....
#..#..:(.#.#.#.......##.# .#%...
#..###.#'#.#.###....###)# .#....
#....#.#.....# #.....##)# .#....
###.)###..#### #...)....##.#....
##...†.#### ##.#...###..#....
#...o.....# #.##......##....
#.....o...# ###<###.....).....
#.........###..[......####.#..


You could see a phantom.

Levels and vault maps discovered:
D:1:      lemuel_arrival_hallway, layout_rooms, serial_rivers,
          chequers_serial_rivers_small_3, chequers_serial_rivers_small_3,
          chequers_serial_rivers_large_a, chequers_serial_rivers_room_b
D:2:      layout_basic
D:3:      layout_rooms, vehumet_crystals, lemuel_round_altar, first_ration,
          kennysheep_doodads, uniq_ijyb, uniq_jessica, uniq_terence
D:4:      layout_rooms, nicolae_overflow_hidden_temple,
          minmay_a_box_with_orc_wizards_in_it

Notes
Turn   | Place    | Note
-------+----------+-------------------------------------------
     0 | D:1      | lepoulpe303 the Spriggan Enchanter began the quest for the
                  | Orb.
     0 | D:1      | Reached XP level 1. HP: 9/9 MP: 5/5
    21 | D:1      | Identified a +0 short sword
    29 | D:1      | Identified a +0 mace
    96 | D:1      | Identified a +0 club
   171 | D:1      | Reached XP level 2. HP: 9/13 MP: 6/6
   243 | D:1      | Identified a +0 whip
   387 | D:1      | Learned a level 2 spell: Ensorcelled Hibernation
   399 | D:1      | Reached skill level 3 in Spellcasting
   517 | D:1      | Identified a +0 dagger
   734 | D:1      | Identified a +0 whip
   765 | D:1      | HP: 3/13 [kobold/+0 whip (3)]
   851 | D:1      | HP: 1/13 [goblin (3)]
  1233 | D:1      | Identified a +0 spear
  1280 | D:1      | Reached skill level 4 in Hexes
  1280 | D:1      | Reached XP level 3. HP: 8/17 MP: 0/8
  1285 | D:1      | Learned a level 3 spell: Confusing Touch
  1483 | D:1      | Identified a scroll of identify
  1483 | D:1      | Identified an amulet of guardian spirit (You found it on
                  | level 1 of the Dungeon)
  1553 | D:1      | Identified a cursed -1 club
  1647 | D:1      | Reached skill level 2 in Short Blades
  1750 | D:1      | Identified a +0 cloak (You found it on level 1 of the
                  | Dungeon)
  1821 | D:2      | HP: 4/17 [quokka (2)]
  2151 | D:2      | Identified a +0 whip
  2154 | D:2      | You fall into a shaft and drop 1 floor!
  2168 | D:3      | Identified a +0 robe
  2168 | D:3      | Noticed Jessica
  2186 | D:3      | Identified a +0 club
  2228 | D:3      | Identified a +0 club
  2228 | D:3      | Identified a +0 leather armour
  2228 | D:3      | Noticed Ijyb
  2236 | D:3      | Identified a +0 club
  2287 | D:2      | Identified a +0 club
  2317 | D:2      | Reached XP level 4. HP: 18/21 MP: 10/10
  2322 | D:2      | Learned a level 3 spell: Tukima's Dance
  3113 | D:2      | Reached skill level 1 in Fighting
  3122 | D:2      | Reached skill level 5 in Stealth
  3153 | D:2      | Identified a +0 hunting sling
  3255 | D:3      | Killed Ijyb
  3255 | D:3      | Reached XP level 5. HP: 25/25 MP: 7/11
  3284 | D:3      | Identified a +0 club
  3284 | D:3      | Identified a +0 hunting sling
  3338 | D:3      | Found an iron altar of Okawaru.
  3428 | D:3      | Identified a +0 scale mail
  3431 | D:3      | Identified a +0 rapier (You found it on level 3 of the
                  | Dungeon)
  3435 | D:3      | Found a radiant altar of Vehumet.
  3451 | D:3      | Identified a +1 dagger
  3537 | D:3      | Identified a +0 flail of protection
  3537 | D:3      | Identified a +0 scale mail
  3537 | D:3      | Noticed Terence
  3586 | D:3      | Killed Terence
  3586 | D:3      | Reached skill level 4 in Spellcasting
  3742 | D:3      | Killed Jessica
  3742 | D:3      | Reached skill level 4 in Dodging
  3765 | D:4      | Identified a +0 dagger
  3765 | D:4      | Identified a +0 robe
  3765 | D:4      | Identified a +2 hand axe of freezing
  3765 | D:4      | Identified a +0 leather armour
  3765 | D:4      | Identified a +0 dagger
  3765 | D:4      | Identified a +0 robe
  3766 | D:4      | Identified a +0 dagger
  3766 | D:4      | Identified a +0 robe
  3771 | D:4      | Reached skill level 3 in Short Blades
  4005 | D:4      | Identified a +0 flail
  4005 | D:4      | Identified a +0 leather armour
  4005 | D:4      | Identified a +0 short sword
  4143 | D:4      | Identified a cursed -1 dagger
  4143 | D:4      | Identified a +0 robe
  4143 | D:4      | Noticed a phantom
  4170 | D:4      | Identified a +0 flail
  4170 | D:4      | Identified a +0 buckler
  4188 | D:4      | Identified a +0 dagger
  4188 | D:4      | Identified a +0 robe
  4197 | D:4      | Identified a +0 dagger
  4197 | D:4      | Identified a +0 robe
  4200 | D:4      | Identified a +0 dagger
  4200 | D:4      | Identified a +0 robe of resistance
  4213 | D:4      | Identified a +0 long sword
  4258 | D:4      | Identified a +0 dagger
  4258 | D:4      | Identified a +0 robe
  4374 | D:4      | Identified a cursed ring of attention
  4392 | D:4      | HP: 4/25 [orc wizard/puff of flame (13)]
  4678 | D:4      | Reached skill level 5 in Hexes
  4678 | D:4      | Reached XP level 6. HP: 11/30 MP: 11/13
  4855 | D:4      | HP: 7/30 [orc wizard/puff of flame (12)]
  5120 | D:4      | Identified a +0 dagger
  5527 | D:4      | Identified 2 scrolls of teleportation
  5528 | D:4      | Identified 2 scrolls of remove curse
  5529 | D:4      | Identified a ring of protection (You found it on level 1 of
                  | the Dungeon)
  5576 | D:4      | HP: 4/30 [phantom (8)]
  5580 | D:4      | Slain by a phantom

Table legend:
 A = Turns spent in this place as a percentage of turns spent in the entire game.
 B = Non-inter-level travel turns spent in this place as a percentage of non-inter-level travel turns spent in the entire game.
 C = Inter-level travel turns spent in this place as a percentage of turns spent in this place.
 D = Turns resting spent in this place as a percentage of non-inter-level travel turns spent in this place.
 E = Turns spent auto-exploring this place as a percentage of non-inter-level travel turns spent in this place.
 F = Non-inter-level travel turns spent in this place divided by the number of levels of this place that you've seen.
                   A       B       C       D       E      F
               +-------+-------+-------+-------+-------+----------------------
         Total | 100.0 | 100.0 |   2.9 |  45.0 |  23.2 | 1354.0
       Dungeon | 100.0 | 100.0 |   2.9 |  45.0 |  23.2 | 1354.0
               +-------+-------+-------+-------+-------+----------------------

Table legend:
 A = Kills in this place as a percentage of kills in entire the game.
 B = Kills by you in this place as a percentage of kills by you in the entire game.
 C = Kills by friends in this place as a percentage of kills by friends in the entire game.
 D = Other kills in this place as a percentage of other kills in the entire game.
 E = Experience gained in this place as a percentage of experience gained in the entire game.
 F = Experience gained in this place divided by the number of levels of this place that you have seen.
                   A       B       C       D       E      F
               +-------+-------+-------+-------+-------+----------------------
         Total | 100.0 | 100.0 |   N/A |   N/A | 100.0 | 160.0
       Dungeon | 100.0 | 100.0 |   N/A |   N/A | 100.0 | 160.0
               +-------+-------+-------+-------+-------+----------------------

Skill      XL: |  1  2  3  4  5 |
---------------+----------------+-----
Spellcasting   | 3 4 |  4.7
Hexes          | 4 5 |  5.3
Short Blades   | 2 3 |  3.6
Fighting       | 1 |  1.6
Stealth        | 5 |  5.6
Dodging        | 4 |  4.4

Action                   |  1- 3 |  4- 6 || total
-------------------------+-------+-------++-------
Melee: Dagger            |   191 |   270 ||   461
       Rapier            |       |    34 ||    34
 Cast: Corona            |     3 |       ||     3
       Ensorcelled Hiber |    11 |    26 ||    37
       Confusing Touch   |       |    10 ||    10
Evoke: Wand              |       |     5 ||     5
  Use: Scroll            |     1 |     2 ||     3
 Stab: Sleeping          |    13 |    14 ||    27
       Distracted        |     1 |       ||     1
       Confused          |       |     8 ||     8
  Eat: Ration            |       |     3 ||     3
Armor: Robe              |    16 |    26 ||    42
Dodge: Dodged            |   150 |   225 ||   375

Vanquished Creatures
  8 orc wizards (D:4)
  Jessica (D:3)
  Terence (D:3)
  Ijyb (D:3)
  A hound skeleton (D:2)
  5 adders (D:2)
  A gnoll (D:1)
  2 worms (D:2)
  2 dart slugs (D:1)
  5 orcs (D:4)
  A ball python (D:3)
  4 bats
  3 giant cockroaches
  6 hobgoblins
  8 jackals
  2 quokkas
  4 frilled lizards
  10 goblins
  10 kobolds
  9 rats
84 creatures vanquished.
